 Dungeon Crawl Stone Soup version 0.24-a0-307-gf989941d98 (webtiles) character file.

Game seed: 3654684083688610423

2996 HAL9000 the Jinx (level 9, 0/39 HPs)
             Began as a Vine Stalker Enchanter on May 11, 2019.
             Was a Believer of Dithmenos.
             Slain by a cyan ugly thing (6 damage)
             ... on level 8 of the Dungeon on May 12, 2019.
             The game lasted 00:27:04 (7547 turns).

HAL9000 the Jinx (Vine Stalker Enchanter)           Turns: 7547, Time: 00:27:05

Health: 0/39       AC:  8    Str: 10    XL:     9   Next: 83%
Magic:  0/13       EV: 12    Int: 21    God:    Dithmenos [**....]
Gold:   38         SH:  0    Dex: 17    Spells: 1/12 levels left

rFire    . . .     SeeInvis .   B - +3 dagger
rCold    . . .     Gourm    .   (no shield)
rNeg     . . .     Faith    .   A - +3 leather armour
rPois    .         Spirit   +   a - +0 helmet
rElec    .         Reflect  .   (no cloak)
rCorr    .         Harm     .   s - +0 pair of gloves
MR       +....                  (no boots)
Stlth    +++.......             v - amulet of rage
HPRegen  0.53/turn              t - ring of flight
MPRegen  0.13/turn              u - +4 ring of intelligence

@: wreathed by umbra
A: fangs 3, regeneration 1, magic shield, antimagic bite, no potion heal 3, rot
immunity
a: Shadow Step, Renounce Religion, Evoke Berserk Rage, Evoke Flight


You were on level 8 of the Dungeon.
You worshipped Dithmenos.
Dithmenos was pleased with you.
You were hungry.

You visited 2 branches of the dungeon, and saw 9 of its levels.
You also visited: Bailey.

You collected 422 gold pieces.
You spent 384 gold pieces at shops.

Inventory:

Hand Weapons
 B - a +3 dagger (weapon)
Missiles
 o - 8 boomerangs (quivered)
Armour
 a - a +0 helmet (worn)
 s - a +0 pair of gloves (worn)
 A - a +3 leather armour (worn)
Jewellery
 t - a ring of flight (left hand)
 u - a +4 ring of intelligence (right hand)
 v - an amulet of rage (around neck)
Wands
 y - a wand of acid (19)
Scrolls
 b - a scroll of holy word {unknown}
 c - 4 scrolls of amnesia {unknown}
 e - 4 scrolls of remove curse {unknown}
 f - 2 scrolls of fear
 h - 2 scrolls of enchant armour {unknown}
 n - 6 scrolls of identify {unknown}
 p - a scroll of magic mapping {unknown}
 q - 4 scrolls of noise {unknown}
 r - 2 scrolls of teleportation
 x - 2 scrolls of immolation {unknown}
 C - 4 scrolls of blinking {unknown}
Potions
 g - 4 potions of mutation {unknown}
 i - 3 potions of ambrosia {unknown}
 j - 4 potions of haste {unknown}
 k - a potion of curing {unknown}
 l - a potion of degeneration {unknown}
 m - 2 potions of brilliance {unknown}
 w - 5 potions of heal wounds {unknown}
 z - a potion of magic {unknown}
 D - 2 potions of flight {unknown}
Comestibles
 d - 7 rations


   Skills:
 + Level 7.5 Short Blades
 - Level 1.5 Dodging
 - Level 3.6 Stealth
 - Level 2.1 Spellcasting
 + Level 10.8 Hexes


You had one spell level left.
You knew the following spells:

 Your Spells              Type           Power        Failure   Level  Hunger
a - Corona                Hex            #####..      1%          1    #......
b - Ensorcelled Hibernat  Hex/Ice        ####..       3%          2    ##.....
c - Confuse               Hex            #####...     1%          3    ###....
d - Metabolic Englaciati  Hex/Ice        ####......   52%         5    ######.

Your spell library contained the following spells:

 Spells                   Type           Power        Failure   Level  Hunger
 Confusing Touch          Hex            #####.       1%          1    #......
 Summon Small Mammal      Summ           #...         21%         1    #......
 Tukima's Dance           Hex            #####...     1%          3    ###....
 Dazzling Spray           Conj/Hex       ####..       6%          3    ###....
 Summon Guardian Golem    Hex/Summ       ####....     6%          3    ###....
 Call Imp                 Summ           #.......     30%         2    ##.....
 Call Canine Familiar     Summ           #.......     52%         3    ###....
 Gell's Gravitas          Tloc           #.........   52%         3    ###....
 Yara's Violent Unravell  Hex/Tmut       ####......   52%         5    ######.
 Petrify                  Tmut/Erth      #.......     89%         4    #####..
 Summon Ice Beast         Ice/Summ       #.......     89%         4    #####..
 Summon Lightning Spire   Summ/Air       #.......     89%         4    #####..


Dungeon Overview and Level Annotations

Branches:
Dungeon (8/15)             Temple (1/1) D:4
   Lair: D:8-11

Altars:
Ashenzari
Cheibriados
Dithmenos
Elyvilon
Fedhas
Gozag
Hepliaklqana
Kikubaaqudgha
Nemelex Xobeh
Okawaru
Qazlal
Ru
Sif Muna
Trog
Uskayaw
Wu Jian
Zin
The Shining One

Shops:
D:5 :   D:6 !   D:7 }((?!


Innate Abilities, Weirdness & Mutations

You have razor-sharp teeth.
Your natural rate of healing is unusually fast.
When hurt, damage is shared between your health and your magic reserves.
Your bite disrupts and absorbs the magic of your enemies.
Potions cannot restore your health.
You are immune to rotting.


Message History

You hit the cyan ugly thing. You bite the cyan ugly thing. You drain its power.
You feel invigorated.
The cyan ugly thing is heavily wounded.
You completely miss the cyan ugly thing.
Your bite misses the cyan ugly thing.
The cyan ugly thing is heavily wounded.
You hit the cyan ugly thing.
You bite the cyan ugly thing, but do no damage.
The cyan ugly thing is heavily wounded.
The cyan ugly thing closely misses you.
You barely miss the cyan ugly thing. You bite the cyan ugly thing.
You drain its power.
You feel invigorated.
The cyan ugly thing is heavily wounded.
You hit the cyan ugly thing but do no damage.
You bite the cyan ugly thing. You drain its power.
You feel invigorated.
The cyan ugly thing is severely wounded.
The cyan ugly thing punches you!
* * * LOW HITPOINT WARNING * * *
The cyan ugly thing shocks you!
You die...

....######.....#### #...)###
..............)...######..###
............####.........##
..........### ####......#
.........## ##.....#
#####..### ##...## #####
#...# ##...#############...#
# ####.......5hoFu@.##....##
## #.....#####'#####.....#..#
##. ..#####
.#.#.#.######....# ##.. ###
#.#.#u#.# ###..## ##..# #
#.#.#.#.# ##..# #...#
.#.#†#o# ##.###..## #.#F#h#.#
#..#...# . .#.#.#.# ##
##....## #.#.#.#u#=# l.#
#....#


You could see a cyan ugly thing (confused), an orc warrior, a bullfrog, a
crimson imp and a jackal.

Vanquished Creatures
  A hungry ghost (D:8)
  A water moccasin (D:8)
  A sky beast (D:6)
  An orc warrior (D:8)
  A phantom (D:8)
  4 ogres
  2 centaurs
  5 bullfrogs
  A gnoll sergeant (D:7)
  A water moccasin zombie (D:7)
  A scorpion (D:8)
  3 wights (D:5)
  5 howler monkeys
  4 crimson imps
  A bullfrog zombie (D:6)
  4 orc wizards
  A bullfrog skeleton (D:6)
  5 hounds
  A gnoll shaman (D:5)
  5 orc priests
  An iguana (D:5)
  5 worker ants
  Terence (D:3)
  A hound zombie (D:5)
  A worker ant zombie (D:6)
  14 gnolls
  9 adders
  2 shadow imps
  An ooze (D:3)
  An adder skeleton (D:4)
  2 worms
  2 dart slugs (D:2)
  9 leopard geckos
  22 orcs
  11 bats
  5 giant cockroaches
  16 goblins
  15 hobgoblins
  7 jackals
  8 kobolds
  7 quokkas
  3 ball pythons
  7 frilled lizards
  A jackal skeleton (D:7)
  3 leopard gecko skeletons
  8 rats
210 creatures vanquished.

Vanquished Creatures (others)
  A human (D:5)
1 creature vanquished.

Grand Total: 211 creatures vanquished

Notes
Turn   | Place    | Note
-------+----------+-------------------------------------------
     0 | D:1      | HAL9000 the Vine Stalker Enchanter began the quest for the
                  | Orb.
     0 | D:1      | Reached XP level 1. HP: 9/9 MP: 4/4
    72 | D:1      | Reached XP level 2. HP: 13/13 MP: 3/6
   163 | D:1      | Reached skill level 1 in Short Blades
   514 | D:1      | Learned a level 2 spell: Ensorcelled Hibernation
   566 | D:1      | Reached skill level 4 in Hexes
   566 | D:1      | Reached XP level 3. HP: 15/16 MP: 4/7
  1029 | D:2      | Gained mutation: Your natural rate of healing is unusually
                  | fast. [Vine Stalker growth]
  1029 | D:2      | Reached XP level 4. HP: 18/21 MP: 3/8
  1035 | D:2      | Learned a level 3 spell: Confuse
  1688 | D:2      | Found a glowing silver altar of Zin.
  1944 | D:3      | Reached XP level 5. HP: 24/24 MP: 9/9
  2169 | D:3      | Found an opulent altar of Gozag.
  2171 | D:3      | Found an ornate altar of the Wu Jian Council.
  2399 | D:3      | Noticed Terence
  2407 | D:3      | Killed Terence
  2407 | D:3      | Reached skill level 5 in Hexes
  2626 | D:4      | Found a blossoming altar of Fedhas.
  2852 | D:4      | Noticed an ogre
  2903 | D:4      | Killed an ogre
  2903 | D:4      | Reached XP level 6. HP: 28/28 MP: 10/10
  3345 | D:4      | Reached skill level 6 in Hexes
  3345 | D:4      | Reached XP level 7. HP: 26/32 MP: 5/11
  3739 | D:4      | Found a staircase to the Ecumenical Temple.
  3885 | Temple   | Entered the Ecumenical Temple
  4156 | D:5      | Entered Level 5 of the Dungeon
  4381 | D:5      | Found a shadowy altar of Dithmenos.
  4385 | D:5      | Became a worshipper of Dithmenos the Shadowed
  4745 | D:4      | Reached skill level 7 in Hexes
  4776 | D:5      | Found Penlupun's Book Shoppe.
  4813 | D:5      | Bought a book of Misfortune for 300 gold pieces
  4883 | D:5      | Reached skill level 5 in Short Blades
  4912 | D:5      | Gained mutation: You have razor-sharp teeth. [Vine Stalker
                  | growth]
  4912 | D:5      | Reached XP level 8. HP: 24/36 MP: 2/12
  4999 | D:5      | Found a hide-covered altar of Uskayaw.
  5105 | D:5      | Found an ancient bone altar of Kikubaaqudgha.
  5426 | D:6      | Reached skill level 8 in Hexes
  5438 | D:6      | Learned a level 5 spell: Metabolic Englaciation
  5482 | D:6      | Reached * piety under Dithmenos
  5590 | D:6      | Found Puegin's Distillery.
  5848 | D:6      | Upgraded the game from 0.24-a0-292-g5c6fb1cd70 to
                  | 0.24-a0-307-gf989941d98
  5865 | D:6      | Reached skill level 9 in Hexes
  5977 | D:6      | Found a bloodstained altar of Trog.
  6102 | D:6      | Reached XP level 9. HP: 36/39 MP: 13/13
  6269 | D:6      | Found a snail-covered altar of Cheibriados.
  6270 | D:6      | Found a shattered altar of Ashenzari.
  6336 | D:7      | Found a flagged portal.
  6344 | Bailey   | Entered a bailey
  6344 | Bailey   | Noticed an orc knight
  6414 | D:7      | Found Ekhlymp's Distillery.
  6415 | D:7      | Found Wiqul's Magic Scroll Boutique.
  6612 | D:7      | Bought a scroll of teleportation for 39 gold pieces
  6612 | D:7      | Bought a scroll of fear for 45 gold pieces
  6629 | D:7      | Found Myuhe's Antique Weapon Emporium.
  6636 | D:7      | Found Xureevie's Antique Weapon Emporium.
  6740 | D:7      | Reached skill level 10 in Hexes
  6751 | D:7      | Found Kotzaun's Gadget Boutique.
  7356 | D:8      | Noticed a meliai
  7496 | D:8      | Reached ** piety under Dithmenos
  7515 | D:8      | Noticed a cyan ugly thing
  7519 | D:8      | Noticed a death knight
  7547 | D:8      | Slain by a cyan ugly thing

Levels and vault maps discovered:
D:1:      giann_horns, layout_basic
D:2:      cheibrodos_greedy_goblins, layout_rooms, marbit_many_paths,
          st_stairs_11, kennysheep_generic_room_16
D:3:      layout_loops_ring, chequers_temple_overflow_statue_of_worship,
          uniq_terence
D:4:      layout_gridville, kennysheep_little_box, lemuel_temple_firewalk_b,
          first_ration, uniq_sigmund
D:5:      layout_loops_cross, overflow_temple_1_default, kennysheep_mini_moat,
          serial_shops, nicolae_shop_trees, tgw_kikubaaqudgha
D:6:      layout_basic, gammafunk_temple_overflow_statue, lemuel_crystal_altar,
          serial_shops, nicolae_shop_temple_entry_statues_fountains
D:7:      layout_rooms, serial_shops, shop, shop, nicolae_shop_stone, shop,
          shop, enter_bailey_2
D:8:      minmay_the_grid_plus_closed [minmay_the_grid_stretched_grid,
          minmay_the_grid_small_cups, minmay_the_grid_rooms,
          minmay_the_grid_dragon_b,
          minmay_the_grid_prize_four_corners_diamond_a], layout_layer_cave,
          lemuel_doored_altar, minitemple, basic_altar, blue_anna_alchemist
          [blue_anna_fruit_fields, blue_anna_fruit_fields]
Temple:   jpeg_temple_island

Skill      XL: |  1  2  3  4  5  6  7  8  9 |
---------------+----------------------------+-----
Short Blades   | 1 2 3 4 5 6 7 |  7.5
Hexes          | 4 5 6 7 9 10 | 10.8
Dodging        | |  1.5
Stealth        | |  3.6
Spellcasting   | |  2.1

Action                   |  1- 3 |  4- 6 |  7- 9 || total
-------------------------+-------+-------+-------++-------
Melee: Dagger            |    71 |   255 |   436 ||   762
       Bite              |     7 |    61 |   130 ||   198
 Cast: Corona            |    16 |       |       ||    16
       Ensorcelled Hiber |    11 |     2 |    10 ||    23
       Confuse           |       |    30 |    86 ||   116
  Use: Scroll            |       |       |     4 ||     4
 Stab: Sleeping          |    13 |    15 |    10 ||    38
       Confused          |       |    13 |    44 ||    57
  Eat: Chunk             |     1 |    11 |    20 ||    32
       Ration            |       |       |     1 ||     1
Armor: Robe              |    10 |    39 |     7 ||    56
       Leather armour    |       |       |    68 ||    68
Dodge: Dodged            |    33 |   143 |   229 ||   405

Table legend:
 A = Non-vault XP
 B = Vault XP
 C = Vault XP percentage of total XP
 D = Non-vault monster count
 E = Vault monster count
 F = Vault count percentage of total count
                 A         B        C        D         E       F
            +---------+---------+-------+---------+---------+-------
      Total |    3689 |     591 |  13.8 |     185 |      25 |  11.9
            +---------+---------+-------+---------+---------+-------
        D:1 |      41 |       0 |   0.0 |      23 |       0 |   0.0
        D:2 |      72 |      43 |  37.4 |      27 |      16 |  37.2
        D:3 |      87 |      32 |  26.9 |      28 |       1 |   3.4
        D:4 |     496 |       0 |   0.0 |      28 |       0 |   0.0
        D:5 |     757 |       0 |   0.0 |      29 |       0 |   0.0
        D:6 |    1038 |       0 |   0.0 |      25 |       0 |   0.0
        D:7 |     535 |       0 |   0.0 |      15 |       0 |   0.0
        D:8 |     663 |     516 |  43.8 |      10 |       8 |  44.4
            +---------+---------+-------+---------+---------+-------
